%YAML 1.1
%TAG !u! tag:unity3d.com,2011:
--- !u!1 &6699858068384543210
GameObject:
  m_ObjectHideFlags: 0
  m_CorrespondingSourceObject: {fileID: 0}
  m_PrefabInstance: {fileID: 0}
  m_PrefabAsset: {fileID: 0}
  serializedVersion: 6
  m_Component:
  - component: {fileID: 6699858068385033674}
  - component: {fileID: 6699858068385803754}
  - component: {fileID: 6699858068386803498}
  - component: {fileID: 6699858067493803405}
  - component: {fileID: 6699858067493803402}
  - component: {fileID: 6699858067493803404}
  - component: {fileID: 6699858067493803407}
  - component: {fileID: 6699858067493803406}
  m_Layer: 0
  m_Name: Cake
  m_TagString: Untagged
  m_Icon: {fileID: 0}
  m_NavMeshLayer: 0
  m_StaticEditorFlags: 0
  m_IsActive: 1
--- !u!4 &6699858068385033674
Transform:
  m_ObjectHideFlags: 0
  m_CorrespondingSourceObject: {fileID: 0}
  m_PrefabInstance: {fileID: 0}
  m_PrefabAsset: {fileID: 0}
  m_GameObject: {fileID: 6699858068384543210}
  m_LocalRotation: {x: -0, y: 0.024798539, z: -0, w: 0.9996925}
  m_LocalPosition: {x: 0.2041121, y: 3.42, z: 30.269585}
  m_LocalScale: {x: 10, y: 10, z: 10}
  m_Children:
  - {fileID: 6699858067838485735}
  m_Father: {fileID: 0}
  m_RootOrder: 0
  m_LocalEulerAnglesHint: {x: 0, y: 2.8420002, z: 0}
--- !u!33 &6699858068385803754
MeshFilter:
  m_ObjectHideFlags: 0
  m_CorrespondingSourceObject: {fileID: 0}
  m_PrefabInstance: {fileID: 0}
  m_PrefabAsset: {fileID: 0}
  m_GameObject: {fileID: 6699858068384543210}
  m_Mesh: {fileID: 4300000, guid: e365b4b0a80f40d42ad44635e73c60e5, type: 3}
--- !u!23 &6699858068386803498
MeshRenderer:
  m_ObjectHideFlags: 0
  m_CorrespondingSourceObject: {fileID: 0}
  m_PrefabInstance: {fileID: 0}
  m_PrefabAsset: {fileID: 0}
  m_GameObject: {fileID: 6699858068384543210}
  m_Enabled: 1
  m_CastShadows: 1
  m_ReceiveShadows: 1
  m_DynamicOccludee: 1
  m_MotionVectors: 1
  m_LightProbeUsage: 0
  m_ReflectionProbeUsage: 1
  m_RayTracingMode: 2
  m_RenderingLayerMask: 1
  m_RendererPriority: 0
  m_Materials:
  - {fileID: 2100000, guid: e068cd9f61272274fbc7abdad5803e1e, type: 2}
  m_StaticBatchInfo:
    firstSubMesh: 0
    subMeshCount: 0
  m_StaticBatchRoot: {fileID: 0}
  m_ProbeAnchor: {fileID: 0}
  m_LightProbeVolumeOverride: {fileID: 0}
  m_ScaleInLightmap: 1
  m_ReceiveGI: 1
  m_PreserveUVs: 0
  m_IgnoreNormalsForChartDetection: 0
  m_ImportantGI: 0
  m_StitchLightmapSeams: 1
  m_SelectedEditorRenderState: 3
  m_MinimumChartSize: 4
  m_AutoUVMaxDistance: 0.5
  m_AutoUVMaxAngle: 89
  m_LightmapParameters: {fileID: 0}
  m_SortingLayerID: 0
  m_SortingLayer: 0
  m_SortingOrder: 0
--- !u!54 &6699858067493803405
Rigidbody:
  m_ObjectHideFlags: 0
  m_CorrespondingSourceObject: {fileID: 0}
  m_PrefabInstance: {fileID: 0}
  m_PrefabAsset: {fileID: 0}
  m_GameObject: {fileID: 6699858068384543210}
  serializedVersion: 2
  m_Mass: 1
  m_Drag: 0
  m_AngularDrag: 0.05
  m_UseGravity: 0
  m_IsKinematic: 0
  m_Interpolate: 0
  m_Constraints: 0
  m_CollisionDetection: 0
--- !u!65 &6699858067493803402
BoxCollider:
  m_ObjectHideFlags: 0
  m_CorrespondingSourceObject: {fileID: 0}
  m_PrefabInstance: {fileID: 0}
  m_PrefabAsset: {fileID: 0}
  m_GameObject: {fileID: 6699858068384543210}
  m_Material: {fileID: 13400000, guid: 4f46d2bf78001c04ca88c358d2150118, type: 2}
  m_IsTrigger: 0
  m_Enabled: 1
  serializedVersion: 2
  m_Size: {x: 0.21168442, y: 0.22603473, z: 0.16077475}
  m_Center: {x: 0.00000001862645, y: 0.113017336, z: -0.00000001117587}
--- !u!114 &6699858067493803404
MonoBehaviour:
  m_ObjectHideFlags: 0
  m_CorrespondingSourceObject: {fileID: 0}
  m_PrefabInstance: {fileID: 0}
  m_PrefabAsset: {fileID: 0}
  m_GameObject: {fileID: 6699858068384543210}
  m_Enabled: 1
  m_EditorHideFlags: 0
  m_Script: {fileID: 11500000, guid: f3831578e3316d041b73e0e29a8c2dc0, type: 3}
  m_Name: 
  m_EditorClassIdentifier: 
--- !u!114 &6699858067493803407
MonoBehaviour:
  m_ObjectHideFlags: 0
  m_CorrespondingSourceObject: {fileID: 0}
  m_PrefabInstance: {fileID: 0}
  m_PrefabAsset: {fileID: 0}
  m_GameObject: {fileID: 6699858068384543210}
  m_Enabled: 1
  m_EditorHideFlags: 0
  m_Script: {fileID: 11500000, guid: eb4231669f3526949a4b889196486fbf, type: 3}
  m_Name: 
  m_EditorClassIdentifier: 
--- !u!114 &6699858067493803406
MonoBehaviour:
  m_ObjectHideFlags: 0
  m_CorrespondingSourceObject: {fileID: 0}
  m_PrefabInstance: {fileID: 0}
  m_PrefabAsset: {fileID: 0}
  m_GameObject: {fileID: 6699858068384543210}
  m_Enabled: 1
  m_EditorHideFlags: 0
  m_Script: {fileID: 11500000, guid: 4e5cacb76cba02543ac5277e19a4100d, type: 3}
  m_Name: 
  m_EditorClassIdentifier: 
  _sliceId: 0
  _lastSliceTime: -3.4028235e+38
  _defaultSliceMaterial: {fileID: 2100000, guid: f3b85a3c75d764fafaebb45719c478d1,
    type: 2}
  _asynchronously: 1
  _delayBetweenSlices: 1
--- !u!1001 &6699858067838361191
PrefabInstance:
  m_ObjectHideFlags: 0
  serializedVersion: 2
  m_Modification:
    m_TransformParent: {fileID: 6699858068385033674}
    m_Modifications:
    - target: {fileID: 100000, guid: 6e616e7bf46c26748a153fac2d7b1293, type: 3}
      propertyPath: m_Name
      value: Cake (1)
      objectReference: {fileID: 0}
    - target: {fileID: 100000, guid: 6e616e7bf46c26748a153fac2d7b1293, type: 3}
      propertyPath: m_IsActive
      value: 1
      objectReference: {fileID: 0}
    - target: {fileID: 400000, guid: 6e616e7bf46c26748a153fac2d7b1293, type: 3}
      propertyPath: m_LocalPosition.x
      value: 0.002
      objectReference: {fileID: 0}
    - target: {fileID: 400000, guid: 6e616e7bf46c26748a153fac2d7b1293, type: 3}
      propertyPath: m_LocalPosition.y
      value: 0.109
      objectReference: {fileID: 0}
    - target: {fileID: 400000, guid: 6e616e7bf46c26748a153fac2d7b1293, type: 3}
      propertyPath: m_LocalPosition.z
      value: -0.082
      objectReference: {fileID: 0}
    - target: {fileID: 400000, guid: 6e616e7bf46c26748a153fac2d7b1293, type: 3}
      propertyPath: m_LocalRotation.x
      value: -0.7071068
      objectReference: {fileID: 0}
    - target: {fileID: 400000, guid: 6e616e7bf46c26748a153fac2d7b1293, type: 3}
      propertyPath: m_LocalRotation.y
      value: 0
      objectReference: {fileID: 0}
    - target: {fileID: 400000, guid: 6e616e7bf46c26748a153fac2d7b1293, type: 3}
      propertyPath: m_LocalRotation.z
      value: 0
      objectReference: {fileID: 0}
    - target: {fileID: 400000, guid: 6e616e7bf46c26748a153fac2d7b1293, type: 3}
      propertyPath: m_LocalRotation.w
      value: 0.7071068
      objectReference: {fileID: 0}
    - target: {fileID: 400000, guid: 6e616e7bf46c26748a153fac2d7b1293, type: 3}
      propertyPath: m_RootOrder
      value: 0
      objectReference: {fileID: 0}
    - target: {fileID: 400000, guid: 6e616e7bf46c26748a153fac2d7b1293, type: 3}
      propertyPath: m_LocalEulerAnglesHint.x
      value: -90
      objectReference: {fileID: 0}
    - target: {fileID: 400000, guid: 6e616e7bf46c26748a153fac2d7b1293, type: 3}
      propertyPath: m_LocalEulerAnglesHint.y
      value: 0
      objectReference: {fileID: 0}
    - target: {fileID: 400000, guid: 6e616e7bf46c26748a153fac2d7b1293, type: 3}
      propertyPath: m_LocalEulerAnglesHint.z
      value: 0
      objectReference: {fileID: 0}
    - target: {fileID: 400000, guid: 6e616e7bf46c26748a153fac2d7b1293, type: 3}
      propertyPath: m_LocalScale.x
      value: 0.04541276
      objectReference: {fileID: 0}
    - target: {fileID: 400000, guid: 6e616e7bf46c26748a153fac2d7b1293, type: 3}
      propertyPath: m_LocalScale.z
      value: 0.045412734
      objectReference: {fileID: 0}
    - target: {fileID: 400000, guid: 6e616e7bf46c26748a153fac2d7b1293, type: 3}
      propertyPath: m_LocalScale.y
      value: 0.045412734
      objectReference: {fileID: 0}
    - target: {fileID: 2300000, guid: 6e616e7bf46c26748a153fac2d7b1293, type: 3}
      propertyPath: m_Materials.Array.size
      value: 1
      objectReference: {fileID: 0}
    - target: {fileID: 2300000, guid: 6e616e7bf46c26748a153fac2d7b1293, type: 3}
      propertyPath: m_Materials.Array.data[1]
      value: 
      objectReference: {fileID: 2100000, guid: bc3d2a1c935365a48946babce221d237, type: 2}
    - target: {fileID: 2300000, guid: 6e616e7bf46c26748a153fac2d7b1293, type: 3}
      propertyPath: m_Materials.Array.data[0]
      value: 
      objectReference: {fileID: 2100000, guid: bc3d2a1c935365a48946babce221d237, type: 2}
    - target: {fileID: 2300000, guid: 6e616e7bf46c26748a153fac2d7b1293, type: 3}
      propertyPath: m_ReceiveShadows
      value: 0
      objectReference: {fileID: 0}
    - target: {fileID: 2300000, guid: 6e616e7bf46c26748a153fac2d7b1293, type: 3}
      propertyPath: m_CastShadows
      value: 0
      objectReference: {fileID: 0}
    - target: {fileID: 3300000, guid: 6e616e7bf46c26748a153fac2d7b1293, type: 3}
      propertyPath: m_Mesh
      value: 
      objectReference: {fileID: 10209, guid: 0000000000000000e000000000000000, type: 0}
    m_RemovedComponents: []
  m_SourcePrefab: {fileID: 100100000, guid: 6e616e7bf46c26748a153fac2d7b1293, type: 3}
--- !u!4 &6699858067838485735 stripped
Transform:
  m_CorrespondingSourceObject: {fileID: 400000, guid: 6e616e7bf46c26748a153fac2d7b1293,
    type: 3}
  m_PrefabInstance: {fileID: 6699858067838361191}
  m_PrefabAsset: {fileID: 0}
